BSA
SPRINGFIELD STARS @ KANSAS CITY KINGS
03/14/2030
 
TOP OF THE 1ST
Springfield Stars batting - Pitching for Kansas City Kings : RHP Raymond Gregg
Pitching: RHP Raymond Gregg
Batting: RHB Juan Morales 0-0: Called Strike
0-1: Ground out 1-3 (Groundball, 15)
Batting: LHB Jesús Tobías 0-0: Ball
1-0: Fly out, F8 (Flyball, 8RD)
Batting: LHB Derek Davidson 0-0: Swinging Strike
0-1: Ball
1-1: Ball
2-1: SINGLE (Flyball, 4D)
Batting: LHB Felipe Guerrero 0-0: Called Strike
0-1: SINGLE (Line Drive, 78S)
Derek Davidson to second
Batting: LHB Elliott Newell 0-0: Ball
1-0: Ball
2-0: Foul Ball, location: 2F
2-1: Foul Ball, location: 2F
2-2: SINGLE (Flyball, 78S)
Derek Davidson to third
Felipe Guerrero to second
Runner from 3rd tries for Home, SAFE, no throw
Batting: LHB Mike Pearson 0-0: Ball
1-0: Called Strike
1-1: Called Strike
1-2: Ball
2-2: Ground out 4-3 (Groundball, 4)
Top of the 1st over - 1 run, 3 hits, 0 errors, 2 left on base; Springfield 1 - Kansas City 0
BOTTOM OF THE 1ST
Kansas City Kings batting - Pitching for Springfield Stars : RHP Kyu-pyeong Pak
Pitching: RHP Kyu-pyeong Pak
Batting: SHB Douglas Taylor 0-0: Foul Ball, location: 2F
0-1: Ball
1-1: Ball
2-1: Foul Ball, location: 2F
2-2: SINGLE (Flyball, 5D)
Batting: RHB Gregg Nelson 0-0: Ball
1-0: Ball
2-0: Ball
3-0: Called Strike
3-1: Swinging Strike
3-2: DOUBLE (Line Drive, 7LM)
Douglas Taylor to third
Douglas Taylor scores
Batting: RHB Chris Chandler 0-0: Called Strike
0-1: Fly out, F7 (Flyball, 78D)
Batting: LHB Ron Crawford 0-0: Called Strike
0-1: 2-RUN HOME RUN (Flyball, 78XD), Distance : 426 ft
Batting: RHB Oliver Lugo 0-0: Ball
1-0: Foul Ball, location: 2F
1-1: Swinging Strike
1-2: Ball
2-2: Foul Ball, location: 2F
2-2: Strikes out swinging
Batting: RHB Dave Parker 0-0: Ball
1-0: DOUBLE (Line Drive, 7LM)
Batting: RHB Eric Fuller 0-0: Fly out, F9 (Flyball, 9LM)
Bottom of the 1st over - 3 runs, 4 hits, 0 errors, 1 left on base; Springfield 1 - Kansas City 3
TOP OF THE 2ND
Springfield Stars batting - Pitching for Kansas City Kings : RHP Raymond Gregg
Batting: RHB Calvin Bennett 0-0: Ball
1-0: Called Strike
1-1: SINGLE (Groundball, 56D)
Batting: LHB Al Miller 0-0: Ball
1-0: Ball
2-0: Ball
3-0: Called Strike
3-1: Grounds into double play, 6-4-3 (Groundball, 6)
Batting: LHB Roberto Trujillo 0-0: Called Strike
0-1: Ball
1-1: Swinging Strike
1-2: Foul Ball, location: 2F
1-2: Strikes out swinging
Top of the 2nd over - 0 runs, 1 hit, 0 errors, 0 left on base; Springfield 1 - Kansas City 3
BOTTOM OF THE 2ND
Kansas City Kings batting - Pitching for Springfield Stars : RHP Kyu-pyeong Pak
Batting: RHB Jason Stover 0-0: Ball
1-0: Ball
2-0: TRIPLE (Line Drive, 9D)
Batting: LHB Greg Schultz 0-0: Ball
1-0: Foul Ball, location: 2F
1-1: SINGLE (Line Drive, 6MD)
Jason Stover scores
Batting: SHB Douglas Taylor 0-0: Foul Ball, location: 2F
0-1: Swinging Strike
0-2: Ball
1-2: Fielders Choice at 2nd, 5-4 (Groundball, 56)
Batting: RHB Gregg Nelson 0-0: Called Strike
Douglas Taylor steals 2nd base
0-1: Called Strike
0-2: Ball
1-2: Ground out 6-3 (Groundball, 6)
Batting: RHB Chris Chandler 0-0: Foul Ball, location: 2F
0-1: Ball
1-1: Ball
2-1: Ball
3-1: Called Strike
3-2: Fly out, F9 (Flyball, 89S)
Bottom of the 2nd over - 1 run, 2 hits, 0 errors, 1 left on base; Springfield 1 - Kansas City 4
TOP OF THE 3RD
Springfield Stars batting - Pitching for Kansas City Kings : RHP Raymond Gregg
Batting: RHB Juan Morales 0-0: Called Strike
0-1: Fly out, F6 (Line Drive, 6M)
Batting: LHB Jesús Tobías 0-0: Called Strike
0-1: Ball
1-1: Ball
2-1: Ball
3-1: Base on Balls
Batting: LHB Derek Davidson 0-0: Called Strike
0-1: Foul Ball, location: 2F
0-2: Ball
1-2: Ball
2-2: Ball
3-2: Foul Ball, location: 2F
3-2: DOUBLE (Flyball, 78XD)
Jesús Tobías to third
Runner from 3rd tries for Home, SAFE, no throw
Batting: LHB Felipe Guerrero 0-0: Ground out 4-3 (Groundball, 4MS)
Derek Davidson to third
Batting: LHB Elliott Newell 0-0: Ball
1-0: Called Strike
1-1: 2-RUN HOME RUN (Flyball, 9D), Distance : 401 ft
Batting: LHB Mike Pearson 0-0: Called Strike
0-1: Fly out, F7 (Line Drive, 7)
Top of the 3rd over - 3 runs, 2 hits, 0 errors, 0 left on base; Springfield 4 - Kansas City 4
BOTTOM OF THE 3RD
Kansas City Kings batting - Pitching for Springfield Stars : RHP Kyu-pyeong Pak
Batting: LHB Ron Crawford 0-0: Called Strike
0-1: Ball
1-1: Ball
2-1: Called Strike
2-2: Strikes out swinging
Batting: RHB Oliver Lugo 0-0: Called Strike
0-1: Foul Ball, location: 2F
0-2: Fly out, F5 (Line Drive, 5)
Batting: RHB Dave Parker 0-0: Ball
1-0: Ball
2-0: Ball
3-0: Ground out 1-3 (Groundball, P)
Bottom of the 3rd over - 0 runs, 0 hits, 0 errors, 0 left on base; Springfield 4 - Kansas City 4
TOP OF THE 4TH
Springfield Stars batting - Pitching for Kansas City Kings : RHP Raymond Gregg
Pitching: RHP Kyle Horton
Batting: RHB Calvin Bennett 0-0: Foul Ball, location: 2F
0-1: Ball
1-1: Ball
2-1: Ball
3-1: Ground out 6-3 (Groundball, 6)
Batting: LHB Al Miller 0-0: Called Strike
0-1: Ground out 3-1 (Groundball, 34)
Batting: LHB Roberto Trujillo 0-0: Foul Ball, location: 2F
0-1: Ball
1-1: Ball
2-1: Ball
3-1: Called Strike
3-2: SOLO HOME RUN (Flyball, 9LD), Distance : 367 ft
Batting: RHB Juan Morales 0-0: Ball
1-0: Ball
2-0: Ground out 4-3 (Groundball, 4)
Top of the 4th over - 1 run, 1 hit, 0 errors, 0 left on base; Springfield 5 - Kansas City 4
BOTTOM OF THE 4TH
Kansas City Kings batting - Pitching for Springfield Stars : RHP Kyu-pyeong Pak
Batting: RHB Eric Fuller 0-0: Ball
1-0: Swinging Strike
1-1: SOLO HOME RUN (Flyball, 89XD), Distance : 437 ft
Batting: RHB Jason Stover 0-0: Called Strike
0-1: Ground out 5-3 (Groundball, 56)
Batting: LHB Greg Schultz 0-0: Swinging Strike
0-1: Fly out, F9 (Flyball, 89S)
Batting: SHB Douglas Taylor 0-0: Ball
1-0: Called Strike
1-1: Ball
2-1: Ground out U3 (Groundball, 3L)
Bottom of the 4th over - 1 run, 1 hit, 0 errors, 0 left on base; Springfield 5 - Kansas City 5
TOP OF THE 5TH
Springfield Stars batting - Pitching for Kansas City Kings : RHP Kyle Horton
Batting: LHB Jesús Tobías 0-0: Ball
1-0: Ball
2-0: Ball
3-0: Called Strike
3-1: Fly out, F8 (Flyball, 8RS)
Batting: LHB Derek Davidson 0-0: Ball
1-0: Swinging Strike
1-1: Ground out 4-3 (Groundball, 4M)
Batting: LHB Felipe Guerrero 0-0: Ball
1-0: Ball
2-0: Called Strike
2-1: Ground out 4-3 (Groundball, 4)
Top of the 5th over - 0 runs, 0 hits, 0 errors, 0 left on base; Springfield 5 - Kansas City 5
BOTTOM OF THE 5TH
Kansas City Kings batting - Pitching for Springfield Stars : RHP Kyu-pyeong Pak
Pitching: RHP Luis Cortéz
Batting: RHB Gregg Nelson 0-0: Swinging Strike
0-1: Ball
1-1: Ball
2-1: Swinging Strike
2-2: Foul Ball, location: 2F
2-2: Ball
3-2: Foul Ball, location: 2F
3-2: Strikes out swinging
Batting: RHB Chris Chandler 0-0: Called Strike
0-1: Ball
1-1: Ball
2-1: SINGLE (Line Drive, 56)
Batting: LHB Ron Crawford 0-0: Ball
1-0: Fly out, F3 (Popup, 3F)
Batting: RHB Oliver Lugo 0-0: Ball
1-0: Foul Ball, location: 2F
1-1: Foul Ball, location: 2F
1-2: Ball
2-2: Foul Ball, location: 2F
2-2: SINGLE (Groundball, 6MD)
Chris Chandler to second
Runner from 2nd tries for 3rd, SAFE, no throw
Batting: RHB Dave Parker 0-0: Ball
Oliver Lugo steals 2nd base
1-0: Fly out, F8 (Flyball, 8LD)
Bottom of the 5th over - 0 runs, 2 hits, 0 errors, 2 left on base; Springfield 5 - Kansas City 5
TOP OF THE 6TH
Springfield Stars batting - Pitching for Kansas City Kings : RHP Kyle Horton
Batting: LHB Elliott Newell 0-0: Ground out 6-3 (Groundball, 6)
Batting: LHB Mike Pearson 0-0: Swinging Strike
0-1: Ball
1-1: Called Strike
1-2: Ball
2-2: Ball
3-2: SINGLE (Groundball, 6MD)
Batting: RHB Calvin Bennett 0-0: Called Strike
0-1: 2-RUN HOME RUN (Flyball, 78XD), Distance : 418 ft
Pitching: RHP Gene McNeil
Batting: LHB Al Miller 0-0: Ball
1-0: Ball
2-0: Called Strike
2-1: Foul Ball, location: 2F
2-2: Fly out, F8 (Flyball, 8LXD)
Batting: LHB Roberto Trujillo 0-0: Ball
1-0: Called Strike
1-1: Called Strike
1-2: DOUBLE (Flyball, 8LD)
Pinch Hitting: RHB Norberto Taváres 0-0: Ball
1-0: Ball
2-0: Ground out 1-3 (Groundball, 13S)
Top of the 6th over - 2 runs, 3 hits, 0 errors, 1 left on base; Springfield 7 - Kansas City 5
BOTTOM OF THE 6TH
Kansas City Kings batting - Pitching for Springfield Stars : RHP Luis Cortéz
Now in LF: Norberto Taváres
Batting: RHB Eric Fuller 0-0: Ball
1-0: Called Strike
1-1: Ball
2-1: Ball
3-1: Fly out, F8 (Flyball, 8RD)
Batting: RHB Jason Stover 0-0: Ball
1-0: Called Strike
1-1: Ground out 5-3 (Groundball, 56)
Batting: LHB Greg Schultz 0-0: Ball
1-0: Foul Ball, location: 2F
1-1: SINGLE (Flyball, 8LS)
Pinch Hitting: SHB Álex Hernández 0-0: Ball
1-0: Ball
2-0: Foul Ball, location: 2F
2-1: Swinging Strike
2-2: Fielders Choice at 2nd, 5-4 (Groundball, 56)
Bottom of the 6th over - 0 runs, 1 hit, 0 errors, 1 left on base; Springfield 7 - Kansas City 5
TOP OF THE 7TH
Springfield Stars batting - Pitching for Kansas City Kings : RHP Gene McNeil
Pitching: LHP Manuel Parra
Now at 3B: Álex Hernández
Pinch Hitting: RHB Gabriel Erwin 0-0: Ball
1-0: SINGLE (Groundball, 6M) (infield hit)
Pinch Hitting: RHB Juan Carlos Rodríguez 0-0: Ball
1-0: Called Strike
Gabriel Erwin steals 2nd base
1-1: Ball
2-1: Swinging Strike
2-2: Foul Ball, location: 2F
2-2: Ground out U3 (Groundball, 3)
Gabriel Erwin to third
Batting: LHB Will Hill 0-0: Called Strike
0-1: Swinging Strike
0-2: Foul Ball, location: 2F
0-2: Ball
1-2: Foul Ball, location: 2F
1-2: Foul Ball, location: 2F
1-2: Ball
2-2: Foul Ball, location: 2F
2-2: Strikes out swinging
Batting: LHB Elliott Newell 0-0: Called Strike
0-1: Foul Ball, location: 2F
0-2: Fly out, F5 (Popup, 56)
Top of the 7th over - 0 runs, 1 hit, 0 errors, 1 left on base; Springfield 7 - Kansas City 5
BOTTOM OF THE 7TH
Kansas City Kings batting - Pitching for Springfield Stars : RHP Luis Cortéz
Now at SS: Juan Carlos Rodríguez
Now in RF: Gabriel Erwin
Pinch Hitting: LHB Earl Wigfall 0-0: Ball
1-0: Swinging Strike
1-1: Single, Error in OF, E7, batter to second base
Pinch Hitting: LHB Michael Cook 0-0: Called Strike
0-1: DOUBLE (Flyball, 89XD)
Earl Wigfall scores
Pitching: LHP John Livingston
Pinch Hitting: RHB Jon Krohne 0-0: Ball
1-0: Foul Ball, location: 2F
1-1: Foul Ball, location: 2F
1-2: Fly out, F6 (Popup, 6MS)
Pitching: LHP Valentín Reséndez
Pinch Hitting: RHB Terry Perkins 0-0: Fly out, F7 (Flyball, 7D)
Pinch Hitting: RHB Dennis Garner 0-0: Ball
1-0: Ball
2-0: Called Strike
2-1: Called Strike
2-2: SINGLE (Flyball, 89S)
Michael Cook to third
Runner from 3rd tries for Home, SAFE, throw made home
Dennis Garner to second
Batting: RHB Claudio Rodríguez 0-0: Ball
1-0: Foul Ball, location: 2F
1-1: Called Strike
1-2: Strikes out swinging
Bottom of the 7th over - 2 runs, 3 hits, 1 error, 1 left on base; Springfield 7 - Kansas City 7
TOP OF THE 8TH
Springfield Stars batting - Pitching for Kansas City Kings : LHP Manuel Parra
Now at 1B: Michael Cook
Now at 3B: Jon Krohne
Now at SS: Dennis Garner
Now in CF: Earl Wigfall
Batting: LHB Mike Pearson 0-0: Ball
Now at 1B: Terry Perkins 1-0: Ball
2-0: Called Strike
2-1: Foul Ball, location: 2F
2-2: Ground out 6-3 (Groundball, 6)
Pitching: RHP Nick Parks
Batting: RHB Calvin Bennett 0-0: Ball
1-0: DOUBLE (Line Drive, 7LD)
Batting: LHB Al Miller 0-0: Ball
1-0: Called Strike
1-1: Ball
2-1: Ball
3-1: Base on Balls
Batting: LHB Roberto Trujillo 0-0: Ball
Calvin Bennett steals 3rd base
1-0: Called Strike
1-1: Ball
2-1: Swinging Strike
2-2: Ball
3-2: Fly out, F9 (Flyball, 9S)
Batting: RHB Norberto Taváres 0-0: Foul Ball, location: 2F
0-1: Called Strike
0-2: Ball
1-2: Ball
2-2: Foul Ball, location: 2F
2-2: Foul Ball, location: 2F
2-2: Ball
3-2: SINGLE (Groundball, 6S) (infield hit)
Calvin Bennett scores
Al Miller to second
Batting: RHB Gabriel Erwin 0-0: Ball
1-0: Foul Ball, location: 2F
1-1: Foul Ball, location: 2F
1-2: Foul Ball, location: 2F
1-2: Foul Ball, location: 2F
1-2: Strikes out swinging
Top of the 8th over - 1 run, 2 hits, 0 errors, 2 left on base; Springfield 8 - Kansas City 7
BOTTOM OF THE 8TH
Kansas City Kings batting - Pitching for Springfield Stars : LHP Valentín Reséndez
Batting: RHB Jason Stover 0-0: Ball
1-0: Ball
2-0: Foul Ball, location: 2F
2-1: Foul Ball, location: 2F
2-2: Strikes out looking
Batting: LHB Greg Schultz 0-0: Swinging Strike
0-1: Foul Ball, location: 2F
0-2: SINGLE (Line Drive, 7S)
Batting: SHB Álex Hernández 0-0: Called Strike
0-1: Ball
1-1: Ball
2-1: Ball
3-1: Swinging Strike
3-2: Fielders Choice at 2nd, 6-4 (Groundball, 6)
Pinch Hitting: RHB Rafael Carreón 0-0: Ball
1-0: Ground out 4-3 (Groundball, 4)
Bottom of the 8th over - 0 runs, 1 hit, 0 errors, 1 left on base; Springfield 8 - Kansas City 7
TOP OF THE 9TH
Springfield Stars batting - Pitching for Kansas City Kings : RHP Nick Parks
Now in CF: Dave Anderson
Batting: RHB Juan Carlos Rodríguez 0-0: Swinging Strike
0-1: Swinging Strike
0-2: Ball
1-2: Foul Ball, location: 2F
1-2: Strikes out swinging
Batting: LHB Will Hill 0-0: Ball
1-0: Swinging Strike
1-1: Foul Ball, location: 2F
1-2: Ball
2-2: Strikes out swinging
Pinch Hitting: SHB António De La Cruz 0-0: Ground out 4-3 (Groundball, 4)
Top of the 9th over - 0 runs, 0 hits, 0 errors, 0 left on base; Springfield 8 - Kansas City 7
BOTTOM OF THE 9TH
Kansas City Kings batting - Pitching for Springfield Stars : LHP Valentín Reséndez
Now at 1B: António De La Cruz
Batting: LHB Michael Cook 0-0: Ball
1-0: Swinging Strike
1-1: Swinging Strike
1-2: Ground out 4-3 (Groundball, 4)
Batting: RHB Jon Krohne 0-0: Ball
1-0: Called Strike
1-1: Fly out, F8 (Flyball, 8RM)
Batting: RHB Terry Perkins 0-0: Ball
1-0: Swinging Strike
1-1: Foul Ball, location: 2F
1-2: Strikes out looking
Bottom of the 9th over - 0 runs, 0 hits, 0 errors, 0 left on base; Springfield 8 - Kansas City 7
Saturday, April 7th, 2018 - OOTP Baseball 18.8 Build 76